 Dungeon Crawl Stone Soup version 0.30-a0-859-gf88a04b62d (webtiles) character file.

Game seed: 8186701634235984063

139 NinjaNoafa the Gusty (level 5, -10/38 HPs)
             Began as a Draconian Air Elementalist on Mar 6, 2023.
             Mangled by a wyvern (15 damage)
             ... on level 4 of the Dungeon.
             The game lasted 00:06:47 (2882 turns).

NinjaNoafa the Gusty (Draconian Air Elementalist)   Turns: 2882, Time: 00:06:49

Health: -10/38     AC:  6    Str: 10    XL:     5   Next: 1%
Magic:  2/9        EV: 12    Int: 17    God:
Gold:   226        SH:  0    Dex: 12    Spells: 7/10 levels left

rFire   . . .      SeeInvis .    c - +0 short sword
rCold   . . .      Faith    .    (no shield)
rNeg    . . .      Spirit   .    (body armour unavailable)
rPois   .          Reflect  .    (helmet restricted)
rElec   .          Rampage  .    (no cloak)
rCorr   .                        (no gloves)
Will    .....                    b - +0 pair of boots
Stlth   ++                       (no amulet)
HPRegen 0.26/turn                (no ring)
MPRegen 0.11/turn                (no ring)

@: no status effects
A: AC +5, unfitting armour, cold-blooded
a: no special abilities


You were on level 4 of the Dungeon.
You visited 1 branch of the dungeon, and saw 4 of its levels.

You collected 226 gold pieces.

Inventory:

Hand Weapons
 c - a +0 short sword (weapon)
Missiles
 e - 7 poisoned darts
 i - 3 boomerangs
Armour
 b - a +0 pair of boots (worn)
Scrolls
 d - a scroll of fog {unknown}
 f - a scroll of teleportation {unknown}
 g - 2 scrolls of poison {unknown}
 h - a scroll of magic mapping {unknown}
 l - 2 scrolls of identify {unknown}
 n - a scroll of vulnerability {unknown}
 p - a scroll of fear {unknown}
Potions
 a - a potion of magic
 j - 2 potions of flight {unknown}
 k - a potion of curing {unknown}
 m - a potion of haste {unknown}
 o - a potion of heal wounds {unknown}


   Skills:
 - Level 1.7 Dodging
 - Level 1.7 Stealth
 + Level 3.2 Spellcasting
 + Level 2.8 Conjurations
 + Level 4.1 Air Magic


You had 7 spell levels left.
You knew the following spells:

 Your Spells              Type           Power      Damage    Failure   Level
a - Shock                 Conj/Air       56%        1d6       4%          1
b - Static Discharge      Conj/Air       28%        2-4/arc   6%          2

Your spell library contained the following spells:

 Spells                   Type           Power      Damage    Failure   Level
 Foxfire                  Conj/Fire      28%        2x1d5     10%         1
 Swiftness                Air            16%        N/A       10%         3
 Airstrike                Air            8%         2d(2-18)  32%         4


Dungeon Overview and Level Annotations

Branches:
Dungeon (4/15)
 Temple: D:4-7

Altars:
Gozag
Okawaru

Shops:
D:3 =


Innate Abilities, Weirdness & Mutations

Your plain brown scales are hard. (AC +5)
You cannot fit into any form of body armour.
You are cold-blooded and may be slowed by cold attacks.


Message History

q - a +0 great mace
q - a +0 great mace (weapon)
Your movement speed is average.
Your attack delay is about 1.7.
Your damage rating with your +0 great mace is about 17 (Base 17 x 100% (Str) x 100% (Skill)).
You are now empty-handed.
You drop a +0 great mace.
c - a +0 short sword (weapon)
A kobold comes into view. It is wielding a +0 whip.
A kobold is nearby!
A kobold is nearby!
A kobold is nearby!
A kobold is nearby!
Unknown command.
The zap hits the kobold.
You kill the kobold!
You hear an angry hiss.
A wyvern comes into view.
The zap hits the wyvern.
The wyvern is lightly wounded.
Unknown command.
The zap hits the wyvern but does no damage.
The wyvern is lightly wounded.
The wyvern bites you!
Casting: Shock (safe; 4% risk of failure)
Confirm with . or Enter, or press ? or * to list all spells.
The wyvern is struck by an arc of lightning.
The wyvern is moderately wounded.
You are struck by an arc of lightning.
The wyvern is struck by an arc of lightning.
The wyvern is moderately wounded.
The lightning grounds out.
The wyvern bites you!
* * * LOW HITPOINT WARNING * * *
Okay, then.
Casting: Static Discharge (safe; 6% risk of failure)
Confirm with . or Enter, or press ? or * to list all spells.
The wyvern is struck by an arc of lightning.
The wyvern is heavily wounded.
You are struck by an arc of lightning.
* * * LOW HITPOINT WARNING * * *
The lightning grounds out.
The wyvern bites you!
You die...

.# . # .##
###..
..##.....
#.....)##
#........
#.l......
##@# #.##
##.# #..#
#.## ##.#
#..#
#.######
##.#....##


You could see a wyvern.

Vanquished Creatures
  A scorpion (D:3)
  2 adders (D:2)
  A dart slug (D:1)
  An orc (D:3)
  6 ball pythons
  6 bats
  8 endoplasms
  3 giant cockroaches
  5 goblins
  2 hobgoblins (D:1)
  3 jackals (D:3)
  3 quokkas
  A frilled lizard (D:3)
  6 kobolds
  5 rats
53 creatures vanquished.

Vanquished Creatures (others)
  4 fungi (D:2)
  4 plants (D:2)
8 creatures vanquished.

Grand Total: 61 creatures vanquished

Notes
Turn   | Place    | Note
-------+----------+-------------------------------------------
     0 | D:1      | NinjaNoafa the Draconian Air Elementalist began the quest
                  | for the Orb.
     0 | D:1      | Reached XP level 1. HP: 14/14 MP: 3/3
   115 | D:1      | Reached XP level 2. HP: 20/20 MP: 0/5
  1275 | D:2      | Found an opulent altar of Gozag.
  1304 | D:2      | Reached XP level 3. HP: 24/26 MP: 3/6
  1571 | D:2      | Learned a level 2 spell: Static Discharge
  1663 | D:2      | Found a faded altar of an unknown god.
  1673 | D:2      | Got Plato's Discursus on Burning
  2055 | D:3      | Found Viucvei's Jewellery Shop.
  2197 | D:3      | Reached XP level 4. HP: 33/33 MP: 3/8
  2513 | D:3      | Found an iron altar of Okawaru.
  2518 | D:3      | Noticed a scorpion
  2521 | D:3      | Killed a scorpion
  2522 | D:3      | Reached skill level 4 in Air Magic
  2818 | D:3      | Reached XP level 5. HP: 38/38 MP: 9/9
  2877 | D:4      | Noticed a wyvern
  2882 | D:4      | Mangled by a wyvern

Illustrated notes

Levels and vault maps discovered:
D:1:      spicycebolla_green_bress_n_ham_2, layout_basic,
          roderic_serpentine_path
D:2:      layout_loops_ring, basic_altar, shapermc_ecumenical_altar_rom_forum,
          nrook_uturn, kennysheep_generic_room_13
D:3:      layout_basic, mainiacjoe_overflow_boulevard, serial_shops,
          nicolae_shop_crystal
D:4:      layout_cave_pods, minmay_temple_entry_gardened_gates, uniq_grinder

Skill      XL: |  1  2  3  4 |
---------------+-------------+-----
Conjurations   | 2 |  2.8
Spellcasting   | 3 |  3.2
Air Magic      | 4 |  4.1
Dodging        | |  1.7
Stealth        | |  1.7

Action                     |  1- 3 |  4- 6 || total
---------------------------+-------+-------++-------
  Melee: Unarmed           |     6 |       ||     6
         Short sword       |    95 |    21 ||   116
         Tailslap          |     7 |     1 ||     8
         Punch             |       |     1 ||     1
   Cast: Shock             |    36 |     7 ||    43
         Static Discharge  |     4 |     6 ||    10
   Stab: Sleeping          |     2 |       ||     2
 Armour: Skin              |    46 |     7 ||    53
  Dodge: Dodged            |    90 |    14 ||   104

Table legend: (Time is in decaauts)
 A = Elapsed time spent in this place.
 B = Non-inter-level travel time spent in this place.
 C = Inter-level travel time spent in this place.
 D = Time resting spent in this place.
 E = Time spent auto-exploring this place.
 F = Levels seen in this place.
 G = Mean time per level.
                   A        B        C        D        E       F      G
               +--------+--------+--------+--------+--------+-----+--------+
         Total |   2884 |   2772 |    112 |      0 |   1816 |   4 |  721.0 |
       Dungeon |   2884 |   2772 |    112 |      0 |   1816 |   4 |  721.0 |
               +--------+--------+--------+--------+--------+-----+--------+

Top non-repeatable levels by time:
     D:1: 1162 daAuts
     D:3: 870 daAuts
     D:2: 820 daAuts
     D:4: 30 daAuts
